AoeStats
← Cumix

QS Arena

503283927Analyzed
3v3 RM · 1mo ago on Aug 31, 2026· 78m 54s· 6 players
Game mode
Random Map
Map size
Normal (6 player)
Population
200
Speed
Normal
Resources
Standard
Victory
Conquest
Starting age
Dark Age
Ending age
Imperial Age
RankedLock teamsTeams togetherTeam positionsShared explorationLock speedFull tech treeHidden civsTurbo modeCheats
Victory
Defeat
🇨🇱 Ethiopians · Chile
1398
+10
🇦🇷 Byzantines · Argentina
1398
+10
🇨🇱 Slavs · Chile
1303
+14
🇻🇳 Persians · Vietnam
1300
-13
🇲🇽 Italians · Mexico
1287
-12
🇵🇪 Malians · Peru
1207
-9
Noxxz
2:32 Loom
8:23 Feudal Age
12:37 Castle Age
11:13 Double-Bit Axe
13:54 Horse Collar
20:07 Bow Saw
23:22 Wheelbarrow
23:29 Gold Mining
23:41 Heavy Plow
24:35 Fletching
24:40 Crossbowman
28:26 Imperial Age
26:15 Bodkin Arrow
26:51 Ballistics
26:54 Thumb Ring
29:09 Bracer
28:30 Arbalester
31:16 Chemistry
31:21 Bloodlines
30:31 Light Cavalry
33:03 Hussar
33:49 Scale Barding Armor
33:08 Elite Skirmisher
36:52 Conscription
36:34 Padded Archer Armor
39:46 Husbandry
40:07 Chain Barding Armor
39:58 Forging
41:13 Hand Cart
42:00 Two-Man Saw
43:06 Caravan
43:39 Elite Genoese Crossbowman
AdamSvp21
7:41 Feudal Age
12:04 Castle Age
10:56 Double-Bit Axe
11:04 Horse Collar
11:57 Loom
14:08 Fletching
23:27 Wheelbarrow
27:20 Imperial Age
25:27 Bodkin Arrow
25:45 Gold Mining
26:30 Squires
26:31 Scale Mail Armor
29:06 Chemistry
29:02 Conscription
30:03 Chain Mail Armor
30:53 Forging
30:48 Town Watch
31:29 Hand Cart
32:42 Scale Barding Armor
32:49 Bow Saw
32:31 Capped Ram
35:13 Iron Casting
34:04 Elite Skirmisher
36:37 Plate Mail Armor
36:21 Town Patrol
36:47 Arson
37:26 Ballistics
37:18 Elite Gbeto
37:59 Farimba
38:33 Chain Barding Armor
40:25 Plate Barding Armor
39:51 Padded Archer Armor
39:49 Murder Holes
40:05 Fortified Wall
41:35 Masonry
43:08 Hoardings
43:36 Architecture
43:57 Bloodlines
43:08 Heavy Camel Rider
43:50 Husbandry
43:11 Light Cavalry
44:31 Sanctity
44:27 Block Printing
44:23 Fervor
44:09 Herbal Medicine
44:42 Leather Archer Armor
44:08 Treadmill Crane
45:17 Pikeman
46:04 Thumb Ring
45:23 Crossbowman
46:36 Ring Archer Armor
48:25 Tigui
50:17 Cavalier
53:10 Gold Shaft Mining
52:26 Stone Mining
52:39 Heavy Plow
56:19 Onager
64:49 Siege Onager
bina
7:53 Feudal Age
12:18 Castle Age
10:37 Double-Bit Axe
10:53 Horse Collar
11:49 Gold Mining
12:06 Light Cavalry
14:34 Bow Saw
17:18 Fervor
17:29 Husbandry
20:05 Heavy Plow
20:18 Scale Barding Armor
21:50 Forging
22:35 Loom
23:28 Wheelbarrow
26:05 Imperial Age
24:03 Bloodlines
24:55 Hand Cart
25:02 Forging
24:58 Scale Barding Armor
25:50 Cavalier
28:24 Chemistry
28:11 Chain Barding Armor
27:46 Town Watch
29:37 Iron Casting
28:46 Savar
31:42 Blast Furnace
32:36 Plate Barding Armor
33:28 Town Watch
34:18 Crop Rotation
34:48 Two-Man Saw
36:17 Ballistics
36:56 Caravan
37:52 Fletching
38:03 Padded Archer Armor
40:34 Coinage
40:15 Guilds
41:14 Kamandaran
41:25 Citadels
40:47 Sappers
41:41 Conscription
44:03 Banking
44:12 Heavy Camel Rider
44:49 Bodkin Arrow
45:10 Leather Archer Armor
47:37 Town Patrol
49:58 Elite War Elephant
51:27 Hoardings
50:49 Hussar
55:04 Masonry
55:26 Ring Archer Armor
54:57 Scale Mail Armor
Cumix
7:51 Feudal Age
11:39 Castle Age
9:55 Double-Bit Axe
10:48 Horse Collar
16:32 Loom
17:18 Town Watch
20:21 Fletching
23:16 Crossbowman
27:23 Wheelbarrow
27:59 Heavy Plow
28:47 Ballistics
29:09 Thumb Ring
30:28 Bodkin Arrow
31:51 Hand Cart
33:05 Gold Mining
36:04 Imperial Age
39:39 Imperial Age
39:44 Arbalester
40:53 Bracer
41:13 Bow Saw
47:17 Padded Archer Armor
48:52 Chemistry
50:02 Leather Archer Armor
50:31 Scale Mail Armor
50:41 Forging
52:12 Shipwright
52:05 Fortified Wall
51:30 Halberdier
56:13 Squires
56:31 Chain Mail Armor
56:52 Iron Casting
56:55 Caravan
59:22 Plate Mail Armor
63:20 Coinage
estoy lol
8:50 Feudal Age
12:50 Castle Age
11:04 Double-Bit Axe
11:01 Horse Collar
15:26 Bow Saw
15:25 Heavy Plow
17:17 Loom
18:48 Stone Mining
20:18 Wheelbarrow
20:37 Town Watch
22:04 Hand Cart
25:08 Gold Mining
35:42 Imperial Age
33:48 Squires
34:18 Detinets
36:59 Gold Shaft Mining
37:07 Conscription
37:03 Elite Boyar
37:56 Forging
37:51 Scale Barding Armor
41:52 Chain Barding Armor
42:07 Iron Casting
44:26 Plate Barding Armor
44:52 Blast Furnace
54:07 Chemistry
53:00 Guard Tower
53:08 Murder Holes
53:24 Masonry
58:17 Hoardings
58:09 Caravan
61:59 Siege Engineers
71:04 Padded Archer Armor
71:01 Fletching
Viusto
8:17 Feudal Age
11:57 Castle Age
10:11 Double-Bit Axe
10:22 Horse Collar
12:55 Bow Saw
13:16 Bow Saw
13:53 Heavy Plow
19:20 Wheelbarrow
18:32 Loom
19:16 Gold Mining
21:11 Stone Mining
22:16 Hand Cart
26:14 Imperial Age
24:36 Padded Archer Armor
24:26 Fletching
25:01 Forging
25:35 Leather Archer Armor
24:49 Pikeman
25:29 Squires
25:31 Scale Mail Armor
26:16 Stone Shaft Mining
27:57 Two-Man Saw
27:23 Conscription
26:30 Capped Ram
27:13 Elite Skirmisher
29:07 Chemistry
28:32 Bodkin Arrow
29:08 Ring Archer Armor
28:54 Chain Mail Armor
29:10 Ballistics
30:24 Fortified Wall
29:55 Treadmill Crane
31:35 Murder Holes
31:07 Halberdier
33:01 Iron Casting
33:26 Hoardings
34:55 Guilds
36:35 Caravan
37:47 Bombard Tower
40:18 Coinage
40:58 Bracer
44:42 Banking
45:05 Plate Mail Armor
44:51 Thumb Ring
44:51 Thumb Ring
44:52 Scale Barding Armor
44:53 Arson
46:05 Gold Shaft Mining
45:08 Siege Ram
47:34 Banking
47:41 Greek Fire
51:37 Crop Rotation
58:50 Block Printing
58:17 Onager
62:17 Chain Barding Armor
69:01 Plate Barding Armor
79:17 Logistica
78:27 Elite Cataphract
Connection lost

Rejoining the realm…

Still unreachable

The connection could not be restored.

Session expired

The server has moved on; the page needs a fresh start.